 Dungeon Crawl Stone Soup version 0.30-a0-924-g0ad0bf95bc (webtiles) character file.

Game seed: 212233810236351061

1418431 Flugkiller the Acrobat (level 23, 121/121 HPs)
             Began as a Felid Fighter on Mar 23, 2023.
             Was an Initiate of Gozag.
             Escaped with the Orb
             ... and 3 runes!
             The game lasted 01:59:33 (85085 turns).

Flugkiller the Acrobat (Felid Fighter)             Turns: 85085, Time: 01:59:33

Health: 121/121    AC: 20    Str: 12    XL:     23   Next: 69%
Magic:  40/40      EV: 53    Int: 22    God:    Gozag
Gold:   16998      SH:  8    Dex: 23    Spells: 17/46 levels left
                                        Lives:  1   Deaths: 2

rFire   . . .      SeeInvis +      - Unarmed
rCold   . . .      Faith    .    (shield unavailable)
rNeg    . . .      Spirit   +    (body armour unavailable)
rPois   ∞          Reflect  .    (helmet unavailable)
rElec   +          Rampage  .    (cloak unavailable)
rCorr   .                        (gloves unavailable)
Will    +++..                    (boots unavailable)
Stlth   +                        o - brooch of Shielding {Spirit SH+8}
HPRegen 0.40/turn                O - ring of Papou {AC+4 Dex+4}
MPRegen 0.27/turn                P - ring of Miuppu {EV+5 Int+5}

@: storm-form, flying
A: cleaving, insubstantial, flying, very small, (claws 1), (fangs 3), see
invisible, (speed 1), (shaggy fur 3), (stealthy paws), no weapons or thrown
items, no armour, multi-lived, mutation resistance 1
0: Orb of Zot
}: 3/15 runes: decaying, serpentine, slimy
a: Blinkbolt, End Transformation, Renounce Religion, Potion Petition, Call
Merchant, Bribe Branch


You escaped.
You worshipped Gozag.
Gozag was extremely pleased with you.
You were a lightning-filled tempest!
You visited 9 branches of the dungeon, and saw 48 of its levels.
You visited the Abyss 1 time.
You also visited: Trove, Gauntlet, Ice Cave and Volcano.

You collected 28514 gold pieces.
You spent 5177 gold pieces at shops.
You paid 6339 gold pieces to Gozag.

Inventory:

Jewellery
 c - a ring of protection from cold
   (You found it on level 2 of the Swamp)
 o - the brooch of Shielding (around neck) {Spirit SH+8}
   (You bought it in a shop on level 1 of the Realm of Zot)

   [amulet of guardian spirit]

   It causes incoming damage to be divided between your reserves of health and
   magic.
   SH:        It affects your SH (+8).
 p - a +4 ring of protection
   (You found it on level 7 of the Dungeon)
 E - a ring of fire
   (You found it on level 11 of the Dungeon)
 K - a ring of wizardry
   (You found it on level 3 of the Realm of Zot)
 N - the ring of Anarchy {Will++ EV+5 Stlth+}
   (You found it in a treasure trove)

   [ring of evasion]

   EV:        It affects your evasion (+5).
   Will:      It greatly increases your willpower.
   Stlth:     It makes you more stealthy.
 O - the ring of Papou (left paw) {AC+4 Dex+4}
   (You found it in a treasure trove)

   [ring of protection]

   AC:        It affects your AC (+4).
   Dex:       It affects your dexterity (+4).
 P - the ring of Miuppu (right paw) {EV+5 Int+5}
   (You found it in a treasure trove)

   [ring of evasion]

   EV:        It affects your evasion (+5).
   Int:       It affects your intelligence (+5).
 R - the ring "Liplymomut" {rPois rC+ rN+ Str-4 SInv}
   (You found it on level 15 of the Dungeon)

   [ring of protection from cold]

   Str:       It affects your strength (-4).
   rC:        It protects you from cold.
   rPois:     It protects you from poison.
   rN:        It protects you from negative energy.
   SInv:      It lets you see invisible.
 X - the ring of Honesty {rC+ rN+ Will+ Stlth-}
   (You found it in a treasure trove)

   [ring of positive energy]

   rC:        It protects you from cold.
   rN:        It protects you from negative energy.
   Will:      It increases your willpower.
   Stlth:     It makes you less stealthy.
Wands
 g - a wand of charming (31)
   (You found it on level 6 of the Dungeon)
 s - a wand of light (10)
   (You found it on level 6 of the Dungeon)
 v - a wand of polymorph (16)
   (You found it on level 3 of the Snake Pit)
 y - a wand of flame (70)
   (You found it on level 8 of the Dungeon)
 B - a wand of roots (19)
   (You found it on level 11 of the Dungeon)
 G - a wand of mindburst (9)
   (You found it on level 5 of the Lair of Beasts)
 H - a wand of digging (11)
   (You found it on level 1 of the Realm of Zot)
Scrolls
 a - 8 scrolls of amnesia
 b - 8 scrolls of poison
 e - 8 scrolls of immolation
 i - a scroll of summoning
 l - 5 scrolls of vulnerability
 r - 18 scrolls of identify
 t - 10 scrolls of teleportation
 x - 3 scrolls of magic mapping
 M - 3 scrolls of torment
 T - 4 scrolls of fog
 Z - 7 scrolls of fear
Potions
 d - 3 potions of might
 f - 10 potions of cancellation
 h - 6 potions of haste
 k - 7 potions of flight
 m - 5 potions of lignification
 n - 5 potions of resistance
 q - 13 potions of curing
 u - 6 potions of attraction
 w - a potion of heal wounds
 A - 6 potions of mutation
 D - 4 potions of magic
 J - 2 potions of experience
 L - a potion of berserk rage
 S - 4 potions of ambrosia
 U - a potion of invisibility
 Y - 8 potions of brilliance
Miscellaneous
 j - a box of beasts
   (You found it on level 5 of the Pits of Slime)
 C - a lightning rod (4/4)
   (You found it on level 1 of the Vaults)
 F - a tin of tremorstones (2/2)
   (You found it in a treasure trove)
 I - a condenser vane
   (You found it in a treasure trove)
 Q - a phantom mirror
   (You found it on level 1 of the Depths)
 V - a phial of floods
   (You found it on level 2 of the Lair of Beasts)


   Skills:
 + Level 21.8 Fighting
 + Level 23.1 Dodging
 + Level 21.8 Unarmed Combat
 - Level 12.0 Spellcasting
 - Level 10.0 Hexes
 - Level 10.0 Translocations
 - Level 17.0 Transmutations
 - Level 14.0 Air Magic
 - Level 12.0 Earth Magic
 + Level 19.2 Evocations


You had 17 spell levels left.
You knew the following spells:

 Your Spells              Type           Power      Damage    Failure   Level
a - Confusing Touch       Hex            55%        N/A       1%          3
b - Statue Form           Tmut/Erth      44%        N/A       1%          6
c - Petrify               Tmut/Erth      67%        N/A       1%          4
d - Storm Form            Tmut/Air       34%        N/A       7%          7
e - Manifold Assault      Tloc           55%        N/A       1%          4
i - Irradiate             Conj/Tmut      25%        3d20      4%          5

Your spell library contained the following spells:

 Spells                   Type           Power      Damage    Failure   Level
 Wereblood                Tmut           73%        N/A       0%          2
 Apportation              Tloc           100%       N/A       1%          1
 Sandblast                Erth           100%       2d20      1%          1
 Sting                    Tmut/Pois      100%       1d8       1%          1
 Cigotuvi's Dreadful Rot  Necr/Pois/Air  66%        N/A       1%          2
 Ensorcelled Hibernation  Hex/Ice        70%        N/A       1%          2
 Lesser Beckoning         Tloc           100%       N/A       1%          2
 Passwall                 Tmut/Erth      55%        N/A       1%          2
 Poisonous Vapours        Pois/Air       88%        N/A       1%          2
 Gell's Gravitas          Tloc           55%        N/A       1%          3
 Ignite Poison            Fire/Tmut/Pois 38%        N/A       1%          3
 Inner Flame              Hex/Fire       35%        N/A       1%          3
 Kindle Blastsparks       Fire/Tloc/Air  96%        2d18      1%          3
 Spider Form              Tmut/Pois      50%        N/A       1%          3
 Stone Arrow              Conj/Erth      78%        3d11      1%          3
 Teleport Other           Tloc           55%        N/A       1%          3
 Tukima's Dance           Hex            55%        N/A       1%          3
 Vhi's Electric Charge    Tloc/Air       100%       N/A       1%          3
 Cause Fear               Hex            27%        N/A       1%          4
 Ice Form                 Ice/Tmut       50%        N/A       1%          4
 Leda's Liquefaction      Hex/Erth       28%        N/A       1%          4
 Lee's Rapid Deconstruct  Erth           30%        3d16*     1%          5
 Silence                  Hex/Air        30%        N/A       1%          5
 Yara's Violent Unravell  Hex/Tmut       32%        3d13      1%          5
 Mephitic Cloud           Conj/Pois/Air  33%        N/A       2%          3
 Summon Lightning Spire   Summ/Air       44%        N/A       2%          4
 Foxfire                  Conj/Fire      52%        2x1d6     4%          1
 Kiss of Death            Conj/Necr      52%        2d9       4%          1
 Magic Dart               Conj           52%        1d5       4%          1
 Necrotise                Necr           52%        1d6       4%          1
 Summon Small Mammal      Summ           52%        N/A       4%          1
 Anguish                  Hex/Necr       17%        N/A       6%          4
 Call Imp                 Summ           13%        N/A       8%          2
 Sublimation of Blood     Necr           13%        N/A       8%          2
 Arcjolt                  Conj/Air       22%        1d32      8%          5
 Dispersal                Tloc           27%        N/A       12%         6
 Call Canine Familiar     Summ           13%        N/A       14%         3
 Frozen Ramparts          Ice            26%        1d4       14%         3
 Hailstorm                Conj/Ice       13%        3d5       14%         3
 Metabolic Englaciation   Hex/Ice        17%        N/A       17%         5
 Freezing Cloud           Conj/Ice/Air   16%        6-21      21%         5
 Conjure Ball Lightning   Conj/Air       22%        3x3d6     38%         6
 Dispel Undead            Necr           13%        3d9       43%         4
 Sticky Flame             Conj/Fire      13%        2d4       43%         4
 Summon Ice Beast         Ice/Summ       13%        N/A       43%         4
 Enfeeble                 Hex            27%        N/A       56%         7
 Maxwell's Capacitive Co  Air            32%        ∞         71%         8
 Agony                    Necr           13%        N/A       80%         5
 Fireball                 Conj/Fire      6%         3d5       80%         5
 Iskenderun's Battlesphe  Conj           13%        2d7       80%         5
 Malign Gateway           Summ/Tloc      17%        N/A       99%         7
 Discord                  Hex            27%        N/A       99%         8
 Disjunction              Tloc           27%        N/A       99%         8
 Death Channel            Necr           6%         N/A       100%        6
 Haunt                    Necr/Summ      6%         N/A       100%        7
 Orb of Destruction       Conj           6%         9d6       100%        7
 Summon Hydra             Summ           6%         N/A       100%        7
 Borgnjor's Revivificati  Necr           6%         N/A       100%        8
 Ignition                 Fire           6%         3d4       100%        8
 Necromutation            Tmut/Necr      25%        N/A       100%        8
 Summon Horrible Things   Summ           6%         N/A       100%        8
 Death's Door             Necr           6%         N/A       100%        9
 Portal Projectile        Hex/Tloc       Unusable   N/A       N/A         3
 Simulacrum               Ice/Necr       Unusable   N/A       N/A         6

Dungeon Overview and Level Annotations

Branches:
Dungeon (15/15)            Temple (0/1) D:7            Lair (5/5) D:10
  Swamp (4/4) Lair:2        Snake (4/4) Lair:2        Slime (5/5) Lair:5
    Orc (2/2) D:11            Elf (0/3) Orc:2        Vaults (4/5) D:13
  Crypt (0/3) Vaults:2     Depths (4/4) D:15            Zot (5/5) Depths:4
  IceCv (visited)         Volcano (visited)         Gauntlet (visited)

Altars:
Ashenzari
Dithmenos
Elyvilon
Gozag
Makhleb
Nemelex Xobeh
Qazlal
Sif Muna
Trog
Uskayaw
Wu Jian
Xom
Yredelemnul
Jiyva

Shops:
D:2 ?=?:   D:4 *   D:10 *   D:15 ?*   Orc:1 ?   Orc:2 :[*(   Snake:3 (
Vaults:2 ?   Zot:1 *=?=   Depths:2 [

Portals:
Hell: Depths:1 Depths:2 Depths:3 Depths:4
Abyss: Depths:1 Depths:2 Depths:3
Pandemonium: Depths:1 Depths:2 Depths:4
Ziggurat: Depths:2

Annotations:
D:4 exclusion: ogre
D:7 Maggie
Lair:1 2 transporters, utis's ghost, journeyman TeWn
Lair:4 1 exclusion
Depths:2 1 transporter


Innate Abilities, Weirdness & Mutations

You are a lightning-filled tempest!
Your electrical attacks strike out in all directions at once.
You are incredibly evasive.
Your insubstantial body is immune to petrification, constriction, and being set on fire You are flying.
You are immune to poison.
((You have sharp claws.))
((You have razor-sharp teeth.))
You have supernaturally acute eyesight. (SInv)
((You cover ground quickly. (Speed+)))
((Your thick and shaggy fur keeps you warm. (AC +3, rC+)))
((Your paws help you pounce on unaware monsters.))
You are incapable of wielding weapons or throwing items.
You cannot wear armour.
You gain extra lives every three experience levels.
You are somewhat resistant to further mutation.


Message History

Where to? (Enter - D:1 @ (x,y), ? - help)
There is a stone staircase leading up, spattered with blood here.
You fly upwards.
There is a stone staircase leading down here.
An Orb Guardian comes into view.
Unknown command.
You blast the Orb Guardian!!!
You punch the Orb Guardian!
The Orb Guardian is almost dead.
You barely miss the Orb Guardian.
The Orb Guardian is almost dead.
You buffet the Orb Guardian!
You kill the Orb Guardian!
No target in view!
There is a stone staircase leading up here.
Magic restored.
You fly upwards.
There is a stone staircase leading down here.
(D) Dungeon (T) Temple (L) Lair (S) Swamp (P) Snake Pit (M) Slime Pits (O) Orcish Mines (E) Elven Halls (V) Vaults (C) Crypt (U) Depths (H) Hell (Z) Zot
Where to? (Enter - D:1 @ (x,y), ? - help)
There is a stone staircase leading down here.
Things that are here:
a +0 leather armour; a +0 club
There is a stone staircase leading up here.
You fly upwards.
Level annotation: Maggie
There is a stone staircase leading down here.
There is a stone staircase leading up here.
You fly upwards.
There is a stone staircase leading down here.
A shadow demon comes into view.
There is a stone staircase leading up here.
You fly upwards.
There is a stone staircase leading down here.
(D) Dungeon (T) Temple (L) Lair (S) Swamp (P) Snake Pit (M) Slime Pits (O) Orcish Mines (E) Elven Halls (V) Vaults (C) Crypt (U) Depths (H) Hell (Z) Zot
Where to? (Enter - D:1 @ (x,y), ? - help)
There is a stone staircase leading up here.
You fly upwards.
Level annotation: exclusion: ogre
There is a stone staircase leading down here.
Your transformation is almost over.
Your transformation has ended.
A green death comes into view.
The green death roars!
Casting: Storm Form (dangerous; 7% risk of failure)
Confirm with . or Enter, or press ? or * to list all spells.
You turn into a lightning-filled tempest!
There is a stone staircase leading up here.
You fly upwards.
There is a stone staircase leading down here.
(D) Dungeon (T) Temple (L) Lair (S) Swamp (P) Snake Pit (M) Slime Pits (O) Orcish Mines (E) Elven Halls (V) Vaults (C) Crypt (U) Depths (H) Hell (Z) Zot
Where to? (Enter - D:1 @ (x,y), ? - help) Magic restored.
There is a stone staircase leading up here.
You fly upwards.
There is a stone staircase leading down here.
Your transformation is almost over.
There is an open door here.
Your transformation has ended.
A reaper comes into view. It is wielding a +0 scythe of flaming.
Casting: Storm Form (dangerous; 7% risk of failure)
Confirm with . or Enter, or press ? or * to list all spells.
You turn into a lightning-filled tempest!
You buffet the reaper!
The reaper is lightly wounded.
You hit the reaper. Lightning courses through the reaper!
The reaper is moderately wounded.
The reaper hits you with a +0 scythe of flaming!
The reaper burns you!
You blast the reaper!!!
Lightning courses through the reaper!
The reaper is almost dead.
You barely miss the reaper. You punch the reaper.
You kill the reaper!
You now have 16998 gold pieces (gained 3).
You see here a +0 scythe of flaming.
(D) Dungeon (T) Temple (L) Lair (S) Swamp (P) Snake Pit (M) Slime Pits (O) Orcish Mines (E) Elven Halls (V) Vaults (C) Crypt (U) Depths (H) Hell (Z) Zot
Where to? (Enter - D:1 @ (x,y), ? - help) Magic restored.
You see here the +4 quarterstaff of Arbitration {heavy, Dex+4}.
HP restored.
There is a stone staircase leading up here.
You fly upwards.
There is a stone staircase leading down here.
There is an open door here.
There is an open door here.
There is an open door here.
There is a staircase leading out of the dungeon here.
Enter note: gg You have escaped!

##..#......#..##..#.#
.##...........##..#.#############
.......#..#...###.#..............
.#..###.##.....##..........#.###.
##.##....#..######..######...# #.
'...'....'...'...#..# ###.###.
#..^###'##...###'##.# #.....
##'##....##'##....#.##########.##
#...#....#...#..v.#.##.....# #.#
#...#....#...#....#.##.###.# #.#
#...######...######....# #.# #.#
....................##.###.# #.#
...#####.###.#.#######.....# #.#
#### #.# #.#.# ###.### #.# #.#
#.#.# #.# #.# #.# #.#.# #.# #.#
#.# #.#.# #.# #.#


There were no monsters in sight!

Vanquished Creatures
  the Royal Jelly (Slime:5)
  Tiamat (Zot:2)
  2 orbs of fire
  A juggernaut (Depths:4)
  Sojobo (Depths:2)
  Josephina (Zot:1)
  Bai Suzhen (Depths:2)
  Frederick (Vaults:2)
  Vashnia (Snake:3)
  2 caustic shrikes
  3 curse toes
  8 golden dragons
  Nikola (Vaults:2)
  2 bone dragons
  the Enchantress (Depths:2)
  A Brimstone Fiend (Zot:1)
  3 doom hounds (Depths:4)
  2 walking crystal tomes
  13 tentacled monstrosities
  An Ice Fiend (Zot:1)
  Rupert (Snake:1)
  A Hell Sentinel (Depths:1)
  3 liches
  8 Orb Guardians
  Grunn (Depths:4)
  A walking frostbound tome (Depths:4)
  2 Executioners
  17 acid blobs
  8 quicksilver dragons
  7 sphinxes
  A tentacled starspawn (Abyss:2)
  3 death cobs
  7 tengu reavers
  Gastronok (D:12)
  Kirke (Swamp:1)
  11 storm dragons
  Agnes (Snake:4)
  A fenstrider witch (Swamp:2)
  7 shadow dragons
  Donald (Vaults:2)
  12 nagarajas
  7 fire giants
  3 draconian knights
  8 draconian monks
  4 rockslimes
  10 azure jellies
  4 iron dragons
  4 draconian scorchers
  4 ghost moths
  Aizul (Snake:1)
  A balrug (Depths:3)
  10 frost giants
  3 orc warlords
  8 draconian stormcallers
  20 ironbound preservers
  A reaper (D:2)
  7 draconian shifters
  2 war gargoyles
  12 vault wardens
  6 ironbound thunderhulks
  4 spriggan defenders (Depths:2)
  7 quicksilver oozes
  17 very ugly things
  12 green draconians
  6 draconian annihilators
  16 stone giants
  6 black draconians
  A vampire knight (Vaults:2)
  A deep elf demonologist (Vaults:4)
  4 eleionomae
  A minotaur (Gauntlet)
  8 white draconians
  3 dire elephants (Vaults:3)
  13 purple draconians
  18 yellow draconians
  4 bunyips
  10 red draconians
  6 spark wasps
  9 ettins
  A merfolk javelineer (Depths:1)
  3 crystal guardians
  10 fire dragons
  A shambling mangrove (Swamp:4)
  The ghost of Mesmaeker13 the Martial Artist, a journeyman OpTm of Wu Jian (Lair:3)
  An entropy weaver (Vaults:4)
  2 deep elf high priests (Vaults:4)
  A rakshasa (Depths:1)
  6 great orbs of eyes
  A spriggan zombie (Depths:3)
  3 peacekeepers
  2 salamander tyrants
  9 catoblepae
  A caustic shrike simulacrum (Depths:1)
  13 yaktaur captains
  9 ice dragons
  23 vault guards
  11 hydras
  6 ironbound frosthearts
  An ogre mage (Vaults:4)
  5 spriggan air magi
  2 ghost crabs
  20 anacondas
  6 deep troll shamans
  7 boulder beetles
  11 centaur warriors
  7 alligators
  A two-headed ogre (D:13)
  5 tengu warriors
  2 hell hogs (Depths:3)
  13 naga warriors
  7 deep troll earth magi
  13 death yaks
  6 orc high priests (Orc:2)
  6 spriggan berserkers
  A vampire mage (Vaults:2)
  15 naga sharpshooters
  13 hell knights
  6 shock serpents
  4 sun demons (Volcano)
  A thrashing horror (Abyss:2)
  5 sixfirhies
  10 spriggans
  A wretched star (Abyss:2)
  A fire crab (Gauntlet)
  5 goliath frogs
  5 soul eaters
  6 iron trolls
  A titan skeleton (Depths:1)
  4 skeletal warriors
  11 sea snakes
  A golden dragon zombie (Depths:2)
  2 salamander mystics
  4 spriggan druids
  A flayed ghost (Depths:3)
  An orange crystal statue (Gauntlet)
  A glowing orange brain (shapeshifter) (Vaults:4)
  5 glowing orange brains
  A tengu zombie (Depths:1)
  77 deep trolls
  5 naga ritualists
  A spriggan simulacrum (Depths:2)
  4 swamp dragons
  7 wizards
  13 ironbound convokers
  A phantasmal warrior (Vaults:2)
  5 bog bodies
  A shadow demon (Depths:4)
  12 lindwurms
  A deep elf pyromancer (D:14)
  5 orc sorcerers
  7 orc knights
  6 mana vipers
  A shadow dragon skeleton (Depths:3)
  35 ugly things
  3 necromancers
  A wolf spider (D:14)
  6 shining eyes
  5 manticores
  5 will-o-the-wisps
  A worldbinder (Abyss:2)
  11 cyclopes
  20 elephants
  34 black mambas
  2 centaur zombies (D:14)
  24 salamanders
  5 guardian serpents
  18 naga magi
  Maurice (D:13)
  28 moths of wrath
  3 torpor snails
  3 eyes of devastation
  2 storm dragon simulacra (Zot:1)
  2 unseen horrors (shapeshifter) (D:15)
  2 orange demons (Depths:4)
  A rust devil (Depths:4)
  7 smoke demons
  13 vault sentinels
  A hellion (Depths:3)
  A gargoyle (D:12)
  11 cane toads
  12 komodo dragons
  5 freezing wraiths
  An ancient zyme (Abyss:2)
  A spriggan skeleton (Depths:2)
  A tormentor (Abyss:2)
  43 yaktaurs
  2 kobold demonologists
  4 rime drakes
  2 efreet
  A golden dragon simulacrum (Depths:3)
  3 tengu conjurers
  12 polar bears
  3 red devils (Depths:4)
  13 trolls
  6 meliai
  2 hellwings
  Grinder (D:4)
  A tarantella (shapeshifter) (Depths:4)
  A shadow dragon simulacrum (Zot:1)
  5 tyrant leeches
  9 hornets
  29 blink frogs
  A queen bee (shapeshifter) (D:15)
  6 dream sheep (Lair:4)
  A blink frog (shapeshifter) (D:14)
  A jumping spider (shapeshifter) (D:13)
  4 centaur simulacra (Gauntlet)
  A draconian simulacrum (Zot:1)
  A stone giant simulacrum (Abyss:2)
  82 slime creatures
  An ettin skeleton (Depths:1)
  2 ynoxinuls
  6 water elementals (Depths:1)
  2 shadows
  115 yaks
  3 vampires
  A wraith (D:13)
  3 basilisks
  4 fire bats (Gauntlet)
  5 wyverns
  A golden eye (Slime:5)
  5 humans
  4 swamp worm simulacra (Swamp:4)
  A steam dragon (Volcano)
  9 vampire mosquitoes
  A neqoxec (Depths:1)
  A redback (Vaults:4)
  14 swamp worms
  A large abomination (Abyss:2)
  2 acid dragons (D:8)
  47 nagas
  A glowing shapeshifter zombie (Depths:2)
  8 wargs
  17 hydra simulacra (Swamp:4)
  A floating eye (Depths:1)
  A moth of wrath simulacrum (Zot:1)
  21 water moccasins
  A hell hound (Volcano)
  An ice beast (D:5)
  2 black bears
  29 orc warriors
  2 ogres
  12 centaurs
  29 wolves
  4 phantoms
  7 starcursed masses (Abyss:2)
  A small abomination (Abyss:2)
  5 kobold brigands
  5 bullfrogs
  7 earth elementals (Depths:1)
  A gnoll sergeant (D:11)
  A hornet simulacrum (Gauntlet)
  9 killer bees
  2 electric eels (Snake:2)
  10 howler monkeys
  3 lava snakes (D:14)
  26 jellies
  3 hounds
  8 orc priests
  A gnoll bouda (D:7)
  5 iguanas
  A sleepcap (D:6)
  10 orc wizards
  17 gnolls
  5 adders
  A shadow imp (D:7)
  4 white imps
  An ufetubus (D:6)
  4 swamp drake simulacra (Swamp:4)
  A worm (D:2)
  A dart slug (D:2)
  33 orcs
  10 endoplasms
  3 giant cockroaches
  5 goblins
  3 hobgoblins
  2 quokkas (D:1)
  5 ball pythons
  5 bats
  3 frilled lizards
  30 kobolds
  5 rats
1969 creatures vanquished.

Vanquished Creatures (collateral kills)
  2 green draconians
  2 red draconians
  A purple draconian (Zot:2)
  A white draconian (Zot:1)
  A salamander mystic (Snake:2)
  An oklob plant (D:10)
  A salamander (Snake:2)
  2 black mambas
  A komodo dragon (Lair:2)
  A water moccasin (Lair:2)
13 creatures vanquished.

Vanquished Creatures (others)
  2 draconian knights (Zot:2)
  A vault warden (Vaults:2)
  A draconian shifter (Zot:2)
  A purple draconian (Zot:3)
  A yaktaur captain (Vaults:2)
  A deep troll earth mage (Depths:1)
  A naga warrior (Snake:4)
  A deep troll (Vaults:2)
  A harpy (shapeshifter) (D:13)
  An ironbound convoker (Vaults:2)
  An ugly thing (Depths:2)
  A yaktaur (Vaults:2)
  2 bloated husks
  3 humans (Swamp:2)
  A swamp worm (Swamp:4)
  An orc wizard (D:13)
  3 demonic plants (D:3)
  39 foxfires
  44 fungi
  57 plants
  2 starspawn tentacles (Abyss:2)
165 creatures vanquished.

Grand Total: 2147 creatures vanquished

Notes
Turn   | Place    | Note
-------+----------+-------------------------------------------
     0 | D:1      | Flugkiller the Felid Fighter began the quest for the Orb.
     0 | D:1      | Reached XP level 1. HP: 10/10 MP: 2/2
   263 | D:1      | Reached XP level 2. HP: 10/14 MP: 3/3
   946 | D:2      | Found Dappeydu's Magic Scroll Boutique.
   976 | D:2      | Bought a scroll of fear for 44 gold pieces
   976 | D:2      | Bought a scroll of identify for 22 gold pieces
  1106 | D:2      | Identified the +4 quarterstaff of Arbitration {heavy,
                  | Dex+4}
  1205 | D:2      | Reached XP level 3. HP: 17/17 MP: 4/4
  1277 | D:2      | Found Ugrogol's Jewellery Shop.
  1790 | D:2      | Found Yrudiunuib's Magic Scroll Boutique.
  1828 | D:2      | Found Buluiph's Book Boutique.
  1867 | D:2      | Identified the +4 chain mail "Sobbaach" {Stlth+}
  2229 | D:3      | Found a faded altar of an unknown god.
  2289 | D:3      | Found a shadowy altar of Dithmenos.
  2530 | D:2      | Reached XP level 4. HP: 4/22 MP: 5/5
  2694 | D:3      | Reached skill level 5 in Unarmed Combat
  2956 | D:3      | Reached XP level 5. HP: 25/25 MP: 6/6
  2958 | D:3      | Reached skill level 5 in Dodging
  3091 | D:4      | Found an ornate altar of the Wu Jian Council.
  3317 | D:4      | Found Gozag's Platinum Reserve.
  3329 | D:4      | Found an opulent altar of Gozag.
  3332 | D:4      | Noticed Grinder
  3399 | D:4      | Noticed an ogre
  3463 | D:4      | Became a worshipper of Gozag Ym Sagoz the Greedy
  3774 | D:4      | Noticed a phantom
  3791 | D:4      | Killed a phantom
  3792 | D:4      | Reached skill level 5 in Fighting
  3792 | D:4      | Gained mutation: You are covered in thick fur. (AC +2)
                  | [Felid growth]
  3792 | D:4      | Reached XP level 6. HP: 30/30 MP: 7/7
  3798 | D:5      | Entered Level 5 of the Dungeon
  3830 | D:5      | Noticed an ice beast
  3844 | D:5      | Killed an ice beast
  3994 | D:5      | Reached XP level 7. HP: 33/33 MP: 8/8
  4253 | D:5      | Reached skill level 6 in Dodging
  4701 | D:4      | Found a sparkling altar of Nemelex Xobeh.
  5018 | D:5      | Found a shimmering altar of Xom.
  5642 | D:7      | Reached skill level 1 in Evocations
  5642 | D:7      | Reached XP level 8. HP: 27/39 MP: 9/9
  5710 | D:7      | Noticed a hornet
  6000 | D:7      | Reached skill level 5 in Evocations
  6310 | D:7      | Found a staircase to the Ecumenical Temple.
  6401 | D:7      | Found a white marble altar of Elyvilon.
  6536 | D:7      | Noticed Maggie
  6585 | D:7      | Killed a hornet
  6586 | D:7      | Reached skill level 7 in Dodging
  6786 | D:8      | Reached XP level 9. HP: 38/43 MP: 10/10
  6878 | D:8      | Found a bloodstained altar of Trog.
  7095 | D:8      | HP: 2/43 [acid dragon (10)]
  7600 | D:9      | Reached skill level 8 in Dodging
  7809 | D:9      | Noticed a kobold demonologist
  7835 | D:9      | Killed a kobold demonologist
  7873 | D:9      | Reached XP level 10. HP: 44/49 MP: 11/11
  8415 | D:9      | Found a broken altar of Ashenzari.
  8517 | D:9      | Learned a level 3 spell: Confusing Touch
  8541 | D:10     | Entered Level 10 of the Dungeon
  8592 | D:10     | Reached skill level 1 in Hexes
  8724 | D:10     | Reached skill level 1 in Spellcasting
  8731 | D:9      | Reached skill level 9 in Dodging
  9311 | D:10     | Found a staircase to the Lair.
  9311 | D:10     | Noticed an oklob plant
  9364 | D:10     | Found Leraxuse's Assorted Antiques.
  9373 | D:10     | Bought a viscous inky potion for 23 gold pieces
  9834 | D:11     | Noticed a boulder beetle
  9847 | D:11     | HP: 1/49 [boulder beetle (19)]
  9848 | D:11     | Killed a boulder beetle
  9849 | D:11     | Reached skill level 10 in Unarmed Combat
  9849 | D:11     | Reached XP level 11. HP: 1/54 MP: 14/14
  9936 | D:10     | Killed an oklob plant
 10430 | D:11     | Reached skill level 10 in Fighting
 10738 | D:11     | Found a staircase to the Orcish Mines.
 10751 | D:11     | Reached skill level 10 in Evocations
 10763 | D:11     | Reached skill level 5 in Hexes
 10946 | D:11     | Reached skill level 10 in Dodging
 11361 | Lair:1   | Entered Level 1 of the Lair of Beasts
 11659 | D:10     | Learned a level 6 spell: Statue Form
 12251 | Lair:1   | Reached skill level 5 in Spellcasting
 12986 | Lair:1   | Reached skill level 1 in Transmutations
 13176 | Lair:1   | Reached skill level 1 in Earth Magic
 13534 | Lair:1   | Gained mutation: Your thick and shaggy fur keeps you warm.
                  | (AC +3, rC+) [Felid growth]
 13534 | Lair:1   | Reached XP level 12. HP: 25/58 MP: 20/20
 13869 | Lair:1   | Noticed a boulder beetle
 14031 | Lair:1   | Found a transporter.
 14033 | Lair:1   | Found a transporter.
 14100 | Lair:1   | Reached skill level 10 in Hexes
 14189 | Lair:1   | Noticed utis's ghost (journeyman TeWn)
 14990 | Lair:2   | Reached skill level 5 in Transmutations
 15286 | Lair:2   | Found a staircase to the Snake Pit.
 15323 | Lair:2   | Reached skill level 5 in Earth Magic
 16069 | D:10     | Bought a scroll of identify for 52 gold pieces
 16296 | D:2      | Bought a scroll of identify for 22 gold pieces
 16423 | D:2      | Bought a scroll of identify for 28 gold pieces
 16423 | D:2      | Bought a scroll of identify for 28 gold pieces
 16423 | D:2      | Bought 2 scrolls of identify for 56 gold pieces
 16429 | D:2      | Bought a scroll of blinking for 105 gold pieces
 16503 | D:4      | Killed Grinder
 16731 | Lair:2   | Noticed a five-headed hydra
 16743 | Lair:2   | Noticed a six-headed hydra
 17334 | Lair:1   | Learned a level 4 spell: Petrify
 17605 | Lair:2   | Killed a six-headed hydra
 18079 | Lair:2   | Found a staircase to the Swamp.
 18713 | Lair:2   | Reached XP level 13. HP: 54/61 MP: 21/21
 20490 | Lair:3   | Found a runed translucent gate.
 20491 | Lair:3   | Found a runed translucent gate.
 20491 | Lair:3   | Found a runed translucent gate.
 20491 | Lair:3   | Noticed Mesmaeker13's ghost (journeyman OpTm)
 21367 | Lair:2   | Reached skill level 10 in Transmutations
 24000 | Lair:5   | Entered Level 5 of the Lair of Beasts
 24267 | Lair:4   | Reached skill level 10 in Earth Magic
 25129 | Lair:5   | Reached XP level 14. HP: 66/66 MP: 18/23
 25528 | D:2      | Bought a +6 ring of intelligence for 432 gold pieces
 25898 | Lair:3   | Killed Mesmaeker13's ghost
 26749 | Lair:5   | Found a runed translucent door.
 26749 | Lair:5   | Found a viscous altar of Jiyva.
 26750 | Lair:5   | Found a staircase to the Slime Pits.
 27043 | Lair:5   | Identified the +9 trident "Oxys" {speed, rF- rC+ Stlth+}
 29178 | D:12     | Noticed Gastronok
 29188 | D:12     | Killed Gastronok
 29412 | D:13     | Found a hide-covered altar of Uskayaw.
 29419 | D:13     | Noticed Maurice
 29430 | D:13     | Killed Maurice
 29651 | D:13     | Found a frozen archway.
 29719 | IceCv    | Entered an ice cave
 30089 | IceCv    | Reached XP level 15. HP: 70/70 MP: 19/26
 30573 | IceCv    | Reached skill level 11 in Dodging
 30806 | IceCv    | Got the Parchment of Frost
 30807 | IceCv    | Identified the +0 ring mail of Midnight {rN++}
 31030 | IceCv    | Found the +10 dark maul {heavy}
 31165 | D:13     | Found a gate to the Vaults.
 32068 | D:13     | Found a portal to a secret trove of treasure.
 32283 | D:10     | Bought a scroll of fog for 104 gold pieces
 32377 | D:13     | You paid a toll of 5 scrolls of fog to enter a treasure
                  | trove
 32378 | Trove    | Entered a treasure trove
 32397 | Trove    | Identified the ring of Honesty {rC+ rN+ Will+ Stlth-}
 32410 | Trove    | Got the Anthology of Ill-fated Conjuration
 32431 | Trove    | Got the Folio of the Pyromaniac
 32445 | Trove    | Identified the ring of Anarchy {Will++ EV+5 Stlth+}
 32455 | Trove    | Identified the ring of Papou {AC+4 Dex+4}
 32458 | Trove    | Identified the ring of Miuppu {EV+5 Int+5}
 32848 | Abyss:2  | Cast into level 2 of the Abyss (a wizard)
 32898 | Abyss:2  | Reached skill level 12 in Dodging
 33009 | Abyss:2  | Noticed a tentacled starspawn
 33020 | Abyss:2  | Killed a tentacled starspawn
 33139 | Abyss:2  | Noticed a bone dragon
 33155 | Abyss:2  | Killed a bone dragon
 33209 | D:14     | Escaped the Abyss
 33565 | D:14     | Noticed a shadow dragon
 33585 | D:14     | Killed a shadow dragon
 33586 | D:14     | Reached skill level 13 in Dodging
 33625 | D:14     | Noticed a storm dragon
 33636 | D:14     | Killed a storm dragon
 33770 | D:14     | Identified the staff of cold "Utweugri" {rElec rF- rC+ rN+}
 34112 | D:14     | Reached XP level 16. HP: 78/78 MP: 27/27
 34539 | D:14     | Found a basalt altar of Yredelemnul.
 34674 | D:15     | Entered Level 15 of the Dungeon
 34768 | D:15     | Found a gate leading to a gauntlet.
 34778 | Gauntlet | Entered a Gauntlet
 34778 | Gauntlet | Found a transporter.
 34778 | Gauntlet | Found a runed translucent door.
 34785 | Gauntlet | Found a runed translucent door.
 34787 | Gauntlet | Found a transporter.
 34790 | Gauntlet | Found a transporter.
 34791 | Gauntlet | Found a transporter.
 34799 | Gauntlet | Found a transporter.
 34802 | Gauntlet | Found a transporter.
 34803 | Gauntlet | Found a transporter.
 34813 | Gauntlet | Found a transporter.
 34815 | Gauntlet | Found a transporter.
 34816 | Gauntlet | Found a transporter.
 34824 | Gauntlet | Found a transporter.
 34827 | Gauntlet | Found a transporter.
 34828 | Gauntlet | Found a transporter.
 34841 | Gauntlet | Found a transporter.
 35218 | Gauntlet | Identified the +1 troll leather armour "Xarresao" {Rampage
                  | Will- Regen+ Str+3}
 35219 | Gauntlet | Got the Spellbook of Hapless Nightshade
 35429 | D:15     | Identified the ring "Liplymomut" {rPois rC+ rN+ Str-4 SInv}
 35532 | D:15     | Found Xeleno's Magic Scroll Emporium.
 35543 | D:15     | Bought 3 scrolls of fog for 204 gold pieces
 35641 | D:15     | Found a staircase to the Depths.
 35859 | D:15     | Found Betati's Blood Bar.
 36462 | Orc:1    | Entered Level 1 of the Orcish Mines
 36591 | Orc:2    | Entered Level 2 of the Orcish Mines
 36617 | Orc:2    | Found Xasiyfui's General Store.
 36630 | Orc:2    | Found Beenog's Book Shoppe.
 36685 | Orc:2    | Found Potoixze's Antique Weapon Boutique.
 36862 | Orc:1    | Found a dark tunnel.
 36869 | Volcano  | Entered a volcano
 37031 | Volcano  | Found the +2 cloak of the Thief {*Fog Slay-2 SInv Stlth+}
 37342 | Orc:1    | Found Juysuon's Magic Scroll Boutique.
 37484 | Orc:2    | Reached skill level 15 in Fighting
 37552 | Orc:2    | Found a staircase to the Elven Halls.
 37934 | Orc:2    | Bought a manual of Dodging for 1040 gold pieces
 38141 | Orc:2    | Found Ujirab's Antique Armour Boutique.
 38422 | Snake:1  | Entered Level 1 of the Snake Pit
 38619 | Snake:1  | Reached skill level 15 in Unarmed Combat
 38677 | Snake:1  | Noticed Aizul
 38694 | Snake:1  | Killed Aizul
 38706 | Snake:1  | Found a burning altar of Makhleb.
 38739 | Snake:1  | Reached skill level 1 in Air Magic
 38940 | Snake:1  | Reached XP level 17. HP: 76/85 MP: 30/30
 39008 | Snake:1  | Noticed Rupert
 39024 | Snake:1  | Killed Rupert
 39359 | Snake:2  | Reached skill level 14 in Dodging
 39621 | Snake:1  | Annihilated by a naga
 39622 | Snake:1  | Reached XP level 16. HP: -23/105 MP: 29/29
 40822 | Snake:3  | Reached skill level 15 in Dodging
 41207 | Snake:3  | Noticed Vashnia
 41953 | Snake:3  | Found Devvochu's Firing Range.
 42324 | Snake:3  | Reached skill level 15 in Transmutations
 42773 | Snake:3  | Killed Vashnia
 42900 | Snake:3  | Found Devvochu's Firing Range.
 43303 | Snake:4  | Entered Level 4 of the Snake Pit
 43349 | Snake:4  | Reached skill level 16 in Dodging
 43970 | Snake:4  | Noticed Agnes
 43976 | Snake:4  | Killed Agnes
 43977 | Snake:4  | Reached XP level 17. HP: 87/87 MP: 25/31
 44061 | Snake:4  | Reached skill level 5 in Air Magic
 44798 | Snake:4  | Reached skill level 17 in Dodging
 44822 | Snake:4  | Reached skill level 10 in Spellcasting
 45406 | Snake:4  | Got a serpentine rune of Zot
 46180 | Orc:2    | Bought a book of the Sky for 572 gold pieces
 46188 | Orc:2    | Learned a level 7 spell: Storm Form
 46193 | Orc:2    | Learned a level 4 spell: Manifold Assault
 46324 | Swamp:1  | Entered Level 1 of the Swamp
 47312 | Swamp:2  | Noticed Kirke
 47341 | Swamp:1  | Killed Kirke
 47563 | Swamp:2  | You fall into a shaft and drop 1 floor!
 48045 | Swamp:2  | Reached XP level 18. HP: 92/92 MP: 26/34
 49451 | Swamp:4  | Entered Level 4 of the Swamp
 50978 | Swamp:4  | Got a decaying rune of Zot
 51072 | Swamp:4  | Identified the +6 chain mail of Omission {+Inv Dex+3}
 51294 | Vaults:1 | Entered Level 1 of the Vaults
 51339 | Vaults:1 | Reached skill level 10 in Air Magic
 52874 | Vaults:2 | Noticed Nikola
 52879 | Vaults:2 | Reached XP level 19. HP: 84/96 MP: 32/36
 52886 | Vaults:2 | Killed Nikola
 53294 | Vaults:2 | Found Cotag's Magic Scroll Boutique.
 53317 | Vaults:2 | Bought a scroll of blinking for 105 gold pieces
 53317 | Vaults:2 | Bought a scroll of blinking for 105 gold pieces
 53492 | Vaults:2 | Reached skill level 1 in Translocations
 53952 | Vaults:2 | Found a staircase to the Crypt.
 54072 | Vaults:2 | Noticed Frederick
 54082 | Vaults:2 | Killed Frederick
 54114 | Vaults:2 | Noticed Donald
 54135 | Vaults:2 | Killed Donald
 54136 | Vaults:2 | Reached skill level 5 in Translocations
 54878 | Vaults:3 | Reached skill level 10 in Translocations
 56054 | Vaults:4 | Reached XP level 20. HP: 47/100 MP: 28/37
 57048 | Vaults:4 | Reached skill level 18 in Dodging
 58457 | Vaults:4 | Reached skill level 19 in Dodging
 58483 | Vaults:4 | Noticed a golden dragon
 58519 | Vaults:4 | Killed a golden dragon
 59019 | Vaults:4 | Learned a level 5 spell: Irradiate
 59246 | Depths:1 | Entered Level 1 of the Depths
 59282 | Depths:1 | Found a gateway to Hell.
 59492 | Depths:1 | Found a one-way gate leading to the halls of Pandemonium.
 59604 | Depths:1 | Found a one-way gate to the infinite horrors of the Abyss.
 59611 | Depths:1 | Reached skill level 20 in Dodging
 59923 | Depths:1 | Reached XP level 21. HP: 99/106 MP: 28/38
 60043 | Depths:1 | Noticed a caustic shrike
 60052 | Depths:1 | Killed a caustic shrike
 60137 | Depths:1 | Identified the staff of death "Vabaptehidi" {rN+ Stlth+}
 60843 | Depths:2 | Found Romomaid's Antique Armour Shoppe.
 60858 | Depths:2 | Noticed the Enchantress
 60871 | Depths:2 | Killed the Enchantress
 60972 | Depths:2 | Found a transporter.
 60973 | Depths:2 | Found a shimmering blue altar of Sif Muna.
 61216 | Depths:2 | Noticed Bai Suzhen
 61237 | Depths:2 | Killed Bai Suzhen
 61900 | Depths:2 | Noticed Sojobo
 61997 | Depths:2 | Killed Sojobo
 62120 | Depths:2 | Identified the +0 scale mail "Qinenoitt" {Dex+6}
 62160 | Depths:2 | Found a one-way gateway to a ziggurat.
 63001 | Depths:3 | Noticed a caustic shrike
 63013 | Depths:3 | Killed a caustic shrike
 63596 | Depths:3 | Reached XP level 22. HP: 85/113 MP: 34/39
 63726 | Depths:3 | Found a stormy altar of Qazlal.
 65575 | Depths:4 | Entered Level 4 of the Depths
 65621 | Depths:4 | Noticed a juggernaut
 65628 | Depths:4 | Killed a juggernaut
 65629 | Depths:4 | Reached skill level 15 in Evocations
 66270 | Depths:4 | Noticed a golden dragon
 66279 | Depths:4 | Killed a golden dragon
 67527 | D:10     | Bought a scroll of blinking for 195 gold pieces
 67872 | Depths:4 | Found a gate to the Realm of Zot.
 68168 | Depths:4 | Identified the +4 dire flail of Upheaval {heavy, Will+}
 68380 | Depths:4 | Noticed Grunn
 68386 | Depths:4 | Killed Grunn
 69372 | Slime:1  | Entered Level 1 of the Pits of Slime
 69785 | Slime:5  | Entered Level 5 of the Pits of Slime
 70552 | Slime:5  | Noticed the Royal Jelly
 70566 | Slime:5  | Killed the Royal Jelly
 71165 | Slime:5  | Got a slimy rune of Zot
 71167 | Slime:5  | Got Sif Muna's Vademecum on Amorphous Lamentation
 71219 | Slime:5  | Identified the +0 chain mail of Sloth {+Inv rC++ Str+3
                  | Stlth+}
 71267 | Slime:5  | Identified the +9 lajatang of Nagorimy {venom, rElec Int-5
                  | SInv}
 71962 | Zot:1    | Entered Level 1 of the Realm of Zot
 71971 | Zot:1    | Identified the ring "Xubbirat" {Ice rN+}
 71971 | Zot:1    | Noticed Josephina
 71975 | Zot:1    | Killed Josephina
 71976 | Zot:1    | Reached XP level 23. HP: 108/118 MP: 10/40
 72214 | Zot:1    | Bought the brooch of Shielding {Spirit SH+8} for 1170 gold
                  | pieces
 72214 | Zot:1    | Found the brooch of Shielding {Spirit SH+8}
 72227 | Zot:1    | Identified a scroll of acquirement
 72232 | Depths:4 | Acquired 984 gold pieces
 72238 | Zot:1    | Bought a scroll of acquirement for 676 gold pieces
 72238 | Zot:1    | Bought a scroll of blinking for 97 gold pieces
 72238 | Zot:1    | Bought a scroll of blinking for 97 gold pieces
 72242 | Depths:4 | Acquired 850 gold pieces
 72685 | Zot:1    | Noticed an orb of fire
 72693 | Zot:1    | Gained mutation: Your magical capacity is low. (-10% MP)
                  | [an orb of fire]
 72703 | Zot:1    | Killed an orb of fire
 73498 | Zot:1    | Identified the +0 dagger of the Thing {pain, Str+2}
 74011 | Zot:2    | Reached skill level 21 in Dodging
 75205 | Zot:2    | Noticed an orb of fire
 75284 | Zot:2    | Gained mutation: Your spells are a little easier to cast,
                  | but a little less powerful. [an orb of fire]
 75508 | Zot:1    | Lost mutation: Your spells are a little easier to cast, but
                  | a little less powerful. [potion of mutation]
 75508 | Zot:1    | Lost mutation: Your magical capacity is low. (-10% MP)
                  | [potion of mutation]
 75508 | Zot:1    | Gained mutation: You possess an exceptional clarity of
                  | mind. [potion of mutation]
 75508 | Zot:1    | Lost mutation: You possess an exceptional clarity of mind.
                  | [potion of mutation]
 75508 | Zot:1    | Gained mutation: You are somewhat resistant to further
                  | mutation. [potion of mutation]
 75611 | Zot:2    | Killed an orb of fire
 76500 | Zot:3    | Noticed a curse toe
 77513 | Zot:2    | Killed a curse toe
 77559 | Zot:3    | Found the +4 dragonskin cloak
 77559 | Zot:3    | Noticed Tiamat
 78324 | Zot:2    | Killed Tiamat
 78583 | Zot:3    | Reached skill level 22 in Dodging
 78849 | Zot:3    | Noticed a curse toe
 78860 | Zot:2    | Reached XP level 24. HP: 32/124 MP: 4/40
 83514 | Zot:5    | Entered Level 5 of the Realm of Zot
 84019 | Zot:5    | Reached skill level 23 in Dodging
 84449 | Zot:5    | Noticed a Killer Klown
 84449 | Zot:5    | Noticed an orb of fire
 84449 | Zot:5    | Noticed a Killer Klown
 84449 | Zot:5    | Noticed a Killer Klown
 84456 | Zot:5    | Got the Orb of Zot
 84459 | Zot:5    | Noticed an orb of fire
 84464 | Zot:5    | HP: 5/126 [Orb Guardian (28)]
 84465 | Zot:5    | Mangled by an Orb Guardian
 84466 | Zot:5    | Reached XP level 23. HP: -9/121 MP: 0/40
 85084 | D:1      | gg
 85085 | D:$      | Escaped with the Orb!

Illustrated notes

##..#......#..##..#.#
.##...........##..#.#############
.......#..#...###.#..............
.#..###.##.....##..........#.###.
##.##....#..######..######...# #.
'...'....'...'...#..# ###.###.
#..^###'##...###'##.# #.....
##'##....##'##....#.##########.##
#...#....#...#..v.#.##.....# #.#
#...#....#...#....#.##.###.# #.#
#...######...######....# #.# #.#
....................##.###.# #.#
...#####.###.#.#######.....# #.#
#### #.# #.#.# ###.### #.# #.#
#.#.# #.# #.# #.# #.#.# #.# #.#
#.# #.#.# #.# #.#


Turn 85084 on D:1: gg

Levels and vault maps discovered:
D:1:      arrival_zaba_pyramid, layout_loops_ring, grunt_decor_resistance
D:2:      minmay_spotlight, layout_basic, serial_shops,
          nicolae_shop_window_shopping, shop, nicolae_shop_trees,
          nicolae_lakefront_shop, grunt_ministairs_10
D:3:      layout_rooms, nicolae_dithmenos_through_a_glass_darkly,
          shapermc_ecumenical_altar_gd, grunt_decor_fettered,
          cheibrodos_gnoll_hut
D:4:      layout_basic, mainiacjoe_overflow_concentric_impassable,
          nemelex_spade_bored_becter, nicolae_gozag_zags_fifth_avenue,
          kennysheep_generic_room_12, uniq_grinder
D:5:      layout_basic, nicolae_overflow_hidden_temple, feat_on_display
D:6:      layout_cave_pools, minivault_10
D:7:      layout_rooms, overflow_temple_1_default,
          minmay_temple_entry_statues_pillars, minivault_22, uniq_maggie
D:8:      layout_cave_pools, mainiacjoe_overflow_six_doors_small
D:9:      layout_rooms, marbit_many_paths, minmay_ruffians
D:10:     layout_loops_cross, dpeg_oklobed_lair, serial_shops,
          nicolae_shop_statue_plus, feat_on_display
D:11:     layout_irregular_city, minmay_orc_entry_guard_dogs
D:12:     layout_roguey, uniq_gastronok
D:13:     layout_gridville, lightli_vaults_fourway_checkpoint,
          portal_ice_cave_entry_pillars_1, enter_trove_6,
          nicolae_uskayaw_murder_on_the_dancefloor, uniq_maurice
D:14:     kennysheep_large_spiral, layout_loops_ring, kennysheep_small_spiral,
          chequers_serial_rivers_small_3, lemuel_zombie_altar_yredelemnul
D:15:     grunt_enter_depths_giant_problem, layout_basic, serial_shops,
          shop_statue, hangedman_abyss_or_decor_lesser_grid,
          gauntlet_entry_generic, guppyfry_shop_blood
Lair:1:   layout_regular_city, nzn_ghost_randoct, grunt_megastairs_2
Lair:2:   nzn_winding_woodlands_three_and_one
          [nzn_winding_woodlands_5x15_longhouse,
          nzn_winding_woodlands_5x15_river_crossing,
          nzn_winding_woodlands_5x15_twine,
          nzn_winding_woodlands_center_diamonds], layout_cellular_growth,
          swamp_mist, minmay_snake_entry_six_corridors
Lair:3:   layout_long_grid, gammafunk_ghost_hydra_chop, grunt_megastairs_4,
          infiniplex_staircase_pool_2
Lair:4:   dreamdust_cave_troll, layout_gridlike
Lair:5:   evilmike_catoblepas_cave, layout_big_grid, slime_entry_2
Swamp:1:  layout_basic_swamp, serial_swamp_ruin, evilmike_swamp_ruin_house_6,
          evilmike_swamp_ruin_house_4, infiniplex_staircase_pool
Swamp:2:  layout_basic_swamp, evilmike_swamp_ruin_house_3, swamp_pool2,
          uniq_kirke
Swamp:3:  layout_falls_marsh, evilmike_swamp_ruin_rubble_1
Swamp:4:  swamp_icy, layout_basic_swamp
Snake:1:  layout_misc_corridors, basic_altar, uniq_aizul, uniq_rupert
Snake:2:  layout_basic, st_stairs_9, drop_trap
Snake:3:  layout_grid_shapes, nicolae_shop_firing_range, nicolae_integral_box,
          uniq_vashnia
Snake:4:  grunt_snake_rune_pools, layout_chambers, st_stairs_14, uniq_agnes
Slime:1:  layout_caves
Slime:2:  layout_caves
Slime:3:  cheibrodos_slime_lost_civilization_9, layout_caves,
          nicolae_slime_rock_hall_of_fame
Slime:4:  layout_caves
Slime:5
Orc:1:    layout_caves, serial_shops, shop, nicolae_volcano_entry_hallway,
          basic_altar
Orc:2:    grunt_orc_gardens, layout_diamond_mine, grunt_orc_garden,
          grunt_orc_garden, grunt_orc_garden, grunt_orc_garden,
          bh_open_orc_temple
Vaults:1: vaults_room_hallway, ontoclasm_vaults_ligature,
          ontoclasm_vaults_fault, hangedman_vaults_maws, v_pattern_2,
          nicolae_vaults_yaktaur_gun_rack, ontoclasm_vaults_misaligned,
          layout_vaults_omnigrid
Vaults:2: nicolae_vaults_ring_of_whatevers, hangedman_vaults_trim,
          vaults_room_hallway, nicolae_vaults_little_squares_2,
          grunt_vaults_funnel, minmay_crypt_entry_simple_walls,
          hangedman_vaults_capsules, v_misc_12,
          nicolae_vaults_network_quinsquares
          [nicolae_vaults_network_quincunx_subvault,
          nicolae_vaults_network_quincunx_subvault,
          nicolae_vaults_network_quincunx_subvault,
          nicolae_vaults_network_quincunx_subvault],
          nicolae_vaults_holding_cells, grunt_vaults_diagonal, v_rooms_3,
          layout_vaults_omnicross, serial_shops, nicolae_shop_crystal,
          uniq_frederick, uniq_donald, uniq_nikola
Vaults:3: nicolae_vaults_specimen_jars, v_misc_8, v_rooms_5,
          ontoclasm_vaults_ring_square, ontoclasm_vaults_bender,
          nicolae_vaults_network_star, v_misc_31, vaults_dpeg_diagonal,
          ontoclasm_vaults_tryst, nicolae_vaults_bisected_exclaves,
          hangedman_vaults_hat, nicolae_vaults_network_s, layout_vaults_omnibox
Vaults:4: hangedman_vaults_stagger, v_rooms_6, nicolae_vaults_little_ls,
          vaults_room_octagon, hangedman_vaults_snaps, st_greater_box_3,
          hangedman_vaults_stream, ontoclasm_vaults_pinch, vaults_room_hallway,
          hangedman_vaults_restitches, ontoclasm_vaults_ring_square,
          vaults_room_semicircle, nicolae_vaults_little_squares_3,
          grunt_vaults_hallway_short, layout_vaults_maze
Depths:1: cross_vault, layout_basic, eino_curves_02, hell_entry, pan_entry,
          abyss_entry, hangedman_cracks_in_the_wall
Depths:2: gammafunk_sealed_library, layout_honeycomb, enter_ziggurat_b,
          serial_glass, glass_columns_a, glass_columns_b,
          rand_demon_pan_entry_7, hell_entry, abyss_entry_glasseish,
          hangedman_decor_riveting, nicolae_stop_n_shop_1, uniq_sojobo,
          uniq_enchantress, uniq_bai_suzhen
Depths:3: minmay_the_grid_triangle_9x9_rhombus_full_mashed
          [minmay_the_grid_triangle_9x9_impossible_snake,
          minmay_the_grid_triangle_9x9_swiss_cheese,
          minmay_the_grid_triangle_9x9_windchime,
          minmay_the_grid_triangle_9x9_stretched_checkered,
          minmay_the_grid_triangle_9x9_cache,
          minmay_the_grid_triangle_9x9_semitri,
          minmay_the_grid_triangle_9x9_minimal,
          minmay_the_grid_triangle_9x9_prize_top_heavy], layout_twisted_cross,
          hellmouth_2, abyss_entry, nicolae_qazlal_general_emergency,
          unseen_surprise_small
Depths:4: grunt_twist_and_shout, layout_gridlike, grunt_pan_entry_in_and_out,
          hell_entry, chequers_serial_rivers_large_a,
          minmay_mirror_moons_of_madness, serial_bayou_shore_b, uniq_grunn
Zot:1:    layout_basic, uniq_josephina
Zot:2:    layout_onion, st_stairs_2
Zot:3:    lemuel_draconian_sentries_small, layout_misc_corridors, uniq_tiamat
Zot:4:    lemuel_acid_trip, layout_concentric_octagons
Zot:5:    layout_cathedral_of_symmetry

Skill      XL: |  1  2  3  4  5  6  7  8  9 10 11 12 13 14 15 16 17 18 19 20 21 22 23 24 |
---------------+-------------------------------------------------------------------------+-----
Fighting       | 4 5 6 7 8 9 10 13 16 17 18 19 20 21 | 21.8
Unarmed Combat | 5 6 7 8 10 12 15 16 17 18 20 21 | 21.8
Dodging        | 5 6 7 8 9 10 13 16 17 20 22 23 | 23.1
Evocations     | 1 6 7 9 10 12 14 16 18 19 | 19.2
Hexes          | 3 9 10 | 10.0
Spellcasting   | 1 5 7 9 11 12 | 12.0
Transmutations | 2 8 11 13 14 15 16 17 | 17.0
Earth Magic    | 1 7 10 11 12 | 12.0
Air Magic      | 4 8 13 14 | 14.0
Translocations | 10 | 10.0

Action                     |  1- 3 |  4- 6 |  7- 9 | 10-12 | 13-15 | 16-18 | 19-21 | 22-24 || total
---------------------------+-------+-------+-------+-------+-------+-------+-------+-------++-------
  Melee: Unarmed           |    82 |    90 |   259 |   800 |  1103 |  1696 |  1215 |  1360 ||  6605
         Punch             |     3 |     7 |    14 |    59 |   107 |   194 |   200 |   183 ||   767
         Bite              |     4 |     7 |    36 |   129 |   201 |   281 |    23 |       ||   681
   Cast: Confusing Touch   |       |       |       |    20 |     1 |       |       |       ||    21
         Petrify           |       |       |       |    25 |   116 |    18 |       |       ||   159
         Statue Form       |       |       |       |       |    66 |   185 |     5 |       ||   256
         Manifold Assault  |       |       |       |       |       |       |    74 |   450 ||   524
         Storm Form        |       |       |       |       |       |       |    77 |   141 ||   218
         Irradiate         |       |       |       |       |       |       |    39 |    17 ||    56
 Invoke: Potion Petition   |       |       |       |       |     2 |     3 |     1 |     1 ||     7
         Call Merchant     |       |       |       |       |       |       |       |     4 ||     4
Ability: End Transformatio |       |       |       |       |     4 |     5 |       |       ||     9
         Blinkbolt         |       |       |       |       |       |       |     3 |     1 ||     4
  Evoke: Wand              |       |       |     8 |    17 |     8 |     6 |       |    13 ||    52
         Tin of tremorston |       |       |       |       |     2 |     7 |     5 |     4 ||    18
         Phial of floods   |       |       |       |       |     2 |     2 |     1 |       ||     5
         Condenser vane    |       |       |       |       |     1 |     5 |     3 |     1 ||    10
         Box of beasts     |       |       |       |       |       |       |       |     1 ||     1
         Phantom mirror    |       |       |       |       |       |       |       |     1 ||     1
    Use: Scroll            |     4 |       |     7 |    14 |     8 |    10 |     2 |    22 ||    67
         Potion            |     1 |       |     2 |     6 |     3 |     3 |     2 |    16 ||    33
   Stab: Sleeping          |     7 |     1 |     2 |     1 |     1 |     1 |       |       ||    13
         Distracted        |       |       |     2 |     4 |     4 |    10 |    11 |     5 ||    36
         Confused          |       |       |       |    14 |     2 |       |       |       ||    16
         Petrified         |       |       |       |    10 |    56 |     5 |       |       ||    71
         Petrifying        |       |       |       |     3 |    28 |     1 |       |       ||    32
         Invisible         |       |       |       |       |     2 |     3 |       |     3 ||     8
 Armour: Skin              |     6 |     4 |    27 |    65 |   368 |   484 |   112 |    73 ||  1139
  Dodge: Dodged            |    71 |    77 |   223 |   624 |  1576 |  3588 |  1210 |   984 ||  8353
  Block: Other             |       |       |       |       |       |    69 |   180 |   174 ||   423
         Reflection        |       |       |       |       |       |     8 |    10 |       ||    18

Table legend: (Time is in decaauts)
 A = Elapsed time spent in this place.
 B = Non-inter-level travel time spent in this place.
 C = Inter-level travel time spent in this place.
 D = Time resting spent in this place.
 E = Time spent auto-exploring this place.
 F = Levels seen in this place.
 G = Mean time per level.
                   A        B        C        D        E       F      G
               +--------+--------+--------+--------+--------+-----+--------+
         Total |  83085 |  77303 |   5782 |  29508 |  27245 |  53 | 1567.6 |
       Dungeon |  18238 |  15517 |   2721 |   4201 |   7142 |  15 | 1215.9 |
          Lair |  15047 |  13853 |   1194 |   6234 |   3397 |   5 | 3009.4 |
         Swamp |   5533 |   5358 |    175 |   2052 |   1956 |   4 | 1383.2 |
     Snake Pit |   8554 |   8289 |    265 |   2177 |   3669 |   4 | 2138.5 |
    Slime Pits |   2056 |   2018 |     38 |   1011 |    448 |   5 |  411.2 |
  Orcish Mines |   1759 |   1655 |    104 |     24 |   1031 |   2 |  879.5 |
        Vaults |   7716 |   7440 |    276 |   2198 |   3302 |   4 | 1929.0 |
        Depths |   9651 |   9053 |    598 |   4620 |   2767 |   4 | 2412.8 |
           Zot |  11533 |  11125 |    408 |   6037 |   2821 |   5 | 2306.6 |
         Abyss |    460 |    460 |      0 |     94 |     30 |   1 |  460.0 |
         Trove |    157 |    157 |      0 |      0 |    111 |   1 |  157.0 |
      Ice Cave |   1566 |   1566 |      0 |    690 |    302 |   1 | 1566.0 |
       Volcano |    284 |    284 |      0 |     45 |    152 |   1 |  284.0 |
      Gauntlet |    523 |    523 |      0 |    121 |    110 |   1 |  523.0 |
               +--------+--------+--------+--------+--------+-----+--------+

Top non-repeatable levels by time:
  Lair:1: 4018 daAuts
  Lair:2: 3752 daAuts
   Zot:2: 3703 daAuts
  Lair:3: 3156 daAuts
   Zot:3: 2864 daAuts
 Snake:3: 2736 daAuts
Vaults:4: 2672 daAuts
Depths:4: 2639 daAuts
   Zot:1: 2604 daAuts
Depths:3: 2594 daAuts
Depths:2: 2526 daAuts
 Snake:4: 2476 daAuts
 Snake:2: 2336 daAuts
    D:10: 2146 daAuts
  Lair:4: 2139 daAuts
